 Dungeon Crawl Stone Soup version 0.29-a0-11-ga75d3d97ab (webtiles) character file.

Game seed: 5641022179726578432

116 testman the Magician (level 5, 0/39 HPs)
             Began as a Djinni Hedge Wizard on Jan 28, 2022.
             Slain by an orc wizard (2 damage)
             ... on level 2 of the Dungeon.
             The game lasted 00:13:22 (3377 turns).

testman the Magician (Djinni Hedge Wizard)          Turns: 3377, Time: 00:13:22

Health: 0/39       AC:  3    Str:  9    XL:     5   Next: 20%
Gold:   83         EV: 11    Int: 18    God:
                   SH:  4    Dex: 12

rFire   + + +      SeeInvis +   a - +0 dagger
rCold   x . .      Faith    .   o - +0 buckler
rNeg    . . .      Spirit   .   b - +0 robe
rPois   ∞          Reflect  .   g - +0 helmet
rElec   .          Harm     .   (no cloak)
rCorr   .          Rampage  .   (no gloves)
Will    .....                   (boots unavailable)
Stlth   ++........              k - amulet of the acrobat
HPRegen 0.13/turn               e - ring of see invisible
MPRegen 0.00/turn               l - ring of protection from fire

@: flying
A: sickness immunity, fire resistance 2, cold vulnerability 1, float, innate
caster, hp casting, extra vitality 1
a: no special abilities


You were on level 2 of the Dungeon.
You visited 1 branch of the dungeon, and saw 3 of its levels.

You collected 83 gold pieces.

Inventory:

Hand Weapons
 a - a +0 dagger (weapon)
Missiles
 c - 38 stones
 h - 3 boomerangs
Armour
 b - a +0 robe (worn)
 g - a +0 helmet (worn)
 o - a +0 buckler (worn)
Jewellery
 e - a ring of see invisible (left hand)
 k - an amulet of the acrobat (around neck)
 l - a ring of protection from fire (right hand)
Scrolls
 f - 2 scrolls of fear {unknown}
 i - a scroll of fog {unknown}
 n - a scroll of enchant weapon {unknown}
 p - 2 scrolls of identify {unknown}
 r - a scroll of enchant armour {unknown}
Potions
 d - a potion of curing {unknown}
 j - a potion of berserk rage {unknown}
 m - a potion of invisibility {unknown}
 q - a potion of flight {unknown}


   Skills:
 + Level 2.3 Fighting
 - Level 2.1 Dodging
 - Level 2.3 Stealth
 + Level 1.4 Shields
 + Level 3.1 Spellcasting


You couldn't memorise any spells.
You knew the following spells:

 Your Spells              Type           Power      Damage    Failure   Level
a - Magic Dart            Conj           56%        1d5       6%          1
b - Blink                 Tloc           28%        N/A       9%          2
c - Call Imp              Summ           14%        N/A       9%          2
d - Slow                  Hex            56%        N/A       6%          1
e - Conjure Flame         Conj/Fire      14%        6-21      17%         3
f - Mephitic Cloud        Conj/Pois/Air  14%        N/A       17%         3
g - Foxfire               Conj/Fire      56%        2x1d6     6%          1
h - Poisonous Vapours     Pois/Air       28%        N/A       9%          2
Your spell library was empty.

Dungeon Overview and Level Annotations

Branches:
Dungeon (3/15)

Altars:


Innate Abilities, Weirdness & Mutations

You are immune to sickness and miasma.
You are immune to poison.
Your flesh is very heat resistant. (rF++)
You are vulnerable to cold. (rC-)
You float through the air rather than walking.
You learn spells naturally, not from books.
Your magical power is your life essence.
You have superior vitality. (+4 MHP)


Message History

The orc wizard is heavily wounded.
The orc wizard misses you.
You hit the orc wizard but do no damage.
The orc wizard is severely wounded.
The orc wizard looks more healthy.
The orc wizard barely misses you.
You closely miss the orc wizard.
The orc wizard is severely wounded.
The orc wizard casts a spell at you. The magic dart hits you.
You hit the orc wizard.
The orc wizard is severely wounded.
The orc wizard casts a spell at you.
You are confused.
You're too confused to move!
The orc wizard hits you with a +0 dagger.
You hit the orc wizard but do no damage.
The orc wizard is severely wounded.
The orc wizard hits you with a +0 dagger.
You're too confused to move!
The orc wizard hits you with a +0 dagger.
You closely miss the orc wizard.
The orc wizard is severely wounded.
You feel less confused. The orc wizard casts a spell at you.
The magic dart hits you.
You closely miss the orc wizard.
The orc wizard is severely wounded.
The orc wizard closely misses you.
You hit the orc wizard but do no damage.
The orc wizard is severely wounded.
The orc wizard gestures at you while chanting.
The magic dart hits you!
* * * LOW HITPOINT WARNING * * *
You closely miss the orc wizard.
The orc wizard is severely wounded.
You block the orc wizard's attack.
You closely miss the orc wizard.
The orc wizard is severely wounded.
The orc wizard hits you with a +0 dagger.
You die...

#####.## ##.#.## #)..#.##..##.
.....†.# ##.###.###<..#.#...##.
.......# #.## ##.#P)..#.#.#.##.
.##.##.# ##.###....P....#.#.##.
.♣♣.♣♣.######..#...P♣♣...........
.♣♣..♣....(...#.#..P♣PP.###.####.
.♣♣.♣♣.########..PPP♣♣P..........
.♣♣.♣♣.# ######..P♣♣♣...###......
.♣♣.♣♣.# #.....#@P.♣.♣.## ######.
.##.##.# #.####oPP♣♣.♣.# ##
.#..##.# #.#####[..♣♣PP# #####
.....<.# #....##..P♣..## #....
.####### ####.###...P.# #.### ..#
#.# #..P.## ♣.♣ ..##### #.#
##P.## ♣.♣ ......# #.# #### ♣.♣
#.###.# #.# ##♣.♣##


You could see an orc wizard (invisible).

Vanquished Creatures
  A gnoll (D:1)
  4 adders (D:3)
  2 worms
  A dart slug (D:1)
  6 orcs
  4 ball pythons
  5 bats (D:1)
  4 endoplasms
  7 goblins
  2 hobgoblins (D:2)
  2 jackals
  5 kobolds
  3 quokkas
  6 frilled lizards
  4 rats
56 creatures vanquished.

Vanquished Creatures (others)
  59 foxfires
59 creatures vanquished.

Grand Total: 115 creatures vanquished

Notes
Turn   | Place    | Note
-------+----------+-------------------------------------------
     0 | D:1      | testman the Djinni Hedge Wizard began the quest for the
                  | Orb.
     0 | D:1      | Reached XP level 1. HP: 15/15 MP: 0/0
   215 | D:1      | Reached XP level 2. HP: 3/22 MP: 0/0
   617 | D:1      | Reached skill level 1 in Fighting
   829 | D:1      | Reached XP level 3. HP: 20/27 MP: 0/0
   829 | D:1      | Learned a level 1 spell: Foxfire
  1295 | D:1      | Found a faded altar of an unknown god.
  1959 | D:2      | Reached XP level 4. HP: 33/33 MP: 0/0
  2650 | D:3      | Reached skill level 3 in Spellcasting
  2747 | D:3      | Reached skill level 1 in Shields
  3102 | D:3      | Reached XP level 5. HP: 25/38 MP: 0/0
  3102 | D:3      | Learned a level 2 spell: Poisonous Vapours
  3377 | D:2      | Slain by an orc wizard

Illustrated notes

Levels and vault maps discovered:
D:1:      scummos_arrival_gate, layout_rooms, basic_ecumenical_altar
D:2:      layout_loops_ring, serial_forest, infiniplex_forest_zigzag_1,
          infiniplex_forest_straight_2, infiniplex_forest_clump_diagonal,
          infiniplex_forest_straight_4, infiniplex_forest_clump_long
D:3:      layout_rooms, grunt_temple_overflow_open

Skill      XL: |  1  2  3  4 |
---------------+-------------+-----
Fighting       | 1 2 |  2.3
Stealth        | 2 |  2.3
Spellcasting   | 3 |  3.1
Shields        | 1 |  1.4
Dodging        | |  2.1

Action                   |  1- 3 |  4- 6 || total
-------------------------+-------+-------++-------
Melee: Dagger            |    45 |    42 ||    87
 Cast: Magic Dart        |    43 |    28 ||    71
       Foxfire           |    15 |    22 ||    37
       Slow              |     1 |       ||     1
       Poisonous Vapours |       |     4 ||     4
       Conjure Flame     |       |     2 ||     2
 Stab: Sleeping          |     2 |     1 ||     3
Armor: Robe              |    11 |     6 ||    17
Dodge: Dodged            |    31 |    17 ||    48
Block: Buckler           |     2 |     5 ||     7

Table legend: (Time is in decaauts)
 A = Elapsed time spent in this place.
 B = Non-inter-level travel time spent in this place.
 C = Inter-level travel time spent in this place.
 D = Time resting spent in this place.
 E = Time spent auto-exploring this place.
 F = Levels seen in this place.
 G = Mean time per level.
                   A        B        C        D        E       F      G
               +--------+--------+--------+--------+--------+-----+--------+
         Total |   3381 |   3332 |     49 |   1327 |   1526 |   3 | 1127.0 |
       Dungeon |   3381 |   3332 |     49 |   1327 |   1526 |   3 | 1127.0 |
               +--------+--------+--------+--------+--------+-----+--------+

Top non-repeatable levels by time:
     D:1: 1518 daAuts
     D:2: 1127 daAuts
     D:3: 735 daAuts
